 Dungeon Crawl Stone Soup version 0.19-a0-1238-gee6bd96 (webtiles) character file.

1117 poirepourri the Skirmisher (level 8, -3/51 HPs)
             Began as a Gargoyle Fighter on Aug 26, 2016.
             Killed by nerve-wracking pain
             ... invoked by Grinder
              (7 damage)
             ... on level 5 of the Dungeon.
             The game lasted 00:06:30 (4051 turns).

poirepourri the Skirmisher (Gargoyle Fighter)       Turns: 4051, Time: 00:06:30

Health: -3/51      AC: 13    Str: 23    XL:     8   Next: 34%
Magic:  8/8        EV: 10    Int:  8    God:
Gold:   77         SH:  9    Dex:  9    Spells: 0 memorised, 7 levels left

rFire  + . .     SeeInvis .     a - +2 flail
rCold  x . .     Gourm    .     b - +1 scale mail
rNeg   + . .     Faith    .     c - +0 shield
rPois  ∞         Spirit   .     (no helmet)
rElec  +         Dismiss  .     (no cloak)
rCorr  .         Reflect  .     (no gloves)
MR     .....     Harm     .     (no boots)
Stlth  ..........               (no amulet)
                                (no ring)
                                l - ring of fire

@: no status effects
A: negative energy resistance 1, electricity resistance, unbreathing,
petrification resistance, rot immunity, AC +5
a: no special abilities


You were on level 5 of the Dungeon.
You were not hungry.

You visited 1 branch of the dungeon, and saw 5 of its levels.

You collected 199 gold pieces.
You spent 122 gold pieces at shops.

Inventory:

Hand Weapons
 a - a +2 flail (weapon)
Missiles
 e - 11 bolts
Armour
 b - a +1 scale mail (worn)
 c - a +0 shield (worn)
Jewellery
 l - a ring of fire (left hand)
Wands
 h - a wand of enslavement (19/24)
 u - a wand of disintegration (18/24)
Scrolls
 i - a scroll of identify
 k - 3 scrolls of blinking
 m - 4 scrolls of remove curse
Potions
 g - a potion of curing
 j - a potion of cancellation {unknown}
 n - a potion of brilliance {unknown}
 o - 2 potions of lignification {unknown}
 p - 2 potions of heal wounds {unknown}
Books
 f - a book of Enchantments

   Spells                             Type                      Level
   a - Cause Fear                     Hexes                        4
   b - Yara's Violent Unravelling     Hexes/Transmutation          5
   c - Silence                        Hexes/Air                    5
   d - Deflect Missiles               Charms/Air                   6
   e - Haste                          Charms                       6
   f - Discord                        Hexes                        8
Comestibles
 d - 4 meat rations
 q - a beef jerky
 r - 2 slices of pizza
 s - a bread ration


   Skills:
 + Level 5.7 Fighting
 + Level 5.4 Maces & Flails
 - Level 3.2 Armour
 + Level 5.6 Dodging
 - Level 3.2 Shields


You had 7 spell levels left.
You didn't know any spells.

Dungeon Overview and Level Annotations

Branches:
Dungeon (5/15)
 Temple: D:4-7

Altars:
Fedhas
Sif Muna
The Shining One

Shops:
D:4 %

Annotations:
D:5 Grinder


Innate Abilities, Weirdness & Mutations

You are resistant to torment.
Your stone body is resilient. (AC +5)
You are immune to poison.
You resist negative energy. (rN+)
You are resistant to electric shocks. (rElec)
You can survive without breathing.
You are immune to petrification.
You are immune to rotting.


Message History

Pain shoots through your body!
* * * LOW HITPOINT WARNING * * *
You barely miss Grinder.
Grinder is heavily wounded.
Grinder closely misses you.
You hit Grinder.
Grinder is severely wounded.
Grinder gestures at you.
You struggle to resist.
You hit Grinder.
Grinder is severely wounded.
Grinder gestures at you. Pain shoots through your body!
* * * LOW HITPOINT WARNING * * *
You block Grinder's attack.
Your shield and scale mail prevent you from hitting Grinder.
Grinder is severely wounded.
Grinder gestures at you. Pain shoots through your body!
You die...

#.........
#.........
#.........
#........
#......## ...
#.)....# .?..
#'######
.....##.5....##
.......@......#
.....##.......#
.... #......##
... #......# ..
####'### .
#......##
#...<...+
#.......#
#......##


You could see Grinder.

Vanquished Creatures
  Duvessa (D:5)
  A phantom (D:4)
  A sky beast (D:5)
  3 ogres (D:5)
  Dowan (D:5)
  A water moccasin skeleton (D:4)
  2 crimson imps (D:5)
  An orc wizard (D:4)
  A giant frog skeleton (D:5)
  A hound (D:4)
  An iguana (D:4)
  Natasha (thrice) (D:3)
  5 worker ants
  A hound skeleton (D:4)
  4 adders
  2 adder skeletons
  A worm (D:3)
  2 dart slugs (D:3)
  3 giant geckos
  6 orcs
  2 ball pythons (D:2)
  4 goblins
  3 hobgoblins
  10 jackals
  5 quokkas
  7 bats
  2 giant newts
  4 kobolds
  6 rats
84 creatures vanquished.

Notes
Turn   | Place    | Note
-------+----------+-------------------------------------------
     0 | D:1      | poirepourri the Gargoyle Fighter began the quest for the Orb.
     0 | D:1      | Reached XP level 1. HP: 14/14 MP: 1/1
    89 | D:1      | Reached XP level 2. HP: 16/19 MP: 2/2
  1059 | D:2      | Reached XP level 3. HP: 18/24 MP: 3/3
  1114 | D:2      | Reached skill level 1 in Dodging
  1413 | D:3      | Found a glowing golden altar of the Shining One.
  1426 | D:3      | Noticed Natasha
  1435 | D:3      | Killed Natasha
  1435 | D:3      | Reached XP level 4. HP: 13/29 MP: 4/4
  1533 | D:3      | Noticed Natasha
  1546 | D:3      | Killed Natasha
  1621 | D:3      | Noticed Natasha
  1624 | D:3      | Found a blossoming altar of Fedhas.
  1635 | D:3      | Killed Natasha
  1635 | D:3      | Reached XP level 5. HP: 24/34 MP: 5/5
  1871 | D:3      | Found a deep blue altar of Sif Muna.
  2013 | D:4      | Noticed a phantom
  2017 | D:4      | Found Koufoef's Food Boutique.
  2076 | D:4      | Killed a phantom
  2076 | D:4      | Reached XP level 6. HP: 18/39 MP: 6/6
  2085 | D:4      | Bought a beef jerky for 19 gold pieces
  2085 | D:4      | Bought a slice of pizza for 19 gold pieces
  2085 | D:4      | Bought a meat ration for 65 gold pieces
  2085 | D:4      | Bought a slice of pizza for 19 gold pieces
  2763 | D:4      | Reached XP level 7. HP: 33/44 MP: 7/7
  3142 | D:5      | Entered Level 5 of the Dungeon
  3170 | D:5      | Noticed Duvessa
  3171 | D:5      | Noticed Dowan
  3183 | D:5      | Killed Dowan
  3626 | D:5      | Killed Duvessa
  3626 | D:5      | Reached skill level 5 in Fighting
  3930 | D:5      | Reached skill level 5 in Dodging
  3930 | D:5      | Reached XP level 8. HP: 49/49 MP: 8/8
  3954 | D:5      | Reached skill level 5 in Maces & Flails
  4025 | D:5      | Noticed Grinder
  4033 | D:5      | Paralysed by Grinder for 4 turns
  4051 | D:5      | Killed from afar by Grinder

Vault maps used:
D:1:      dpeg_arrival_solitude
D:2:      minmay_tree_intersection
D:3:      lemuel_blue_sif_altar, fedhas_altar_2, tso_metal_star, uniq_natasha
D:4:      serial_shops, shop, first_bread, hangedman_decor_diamond_cutter
D:5:      uniq_duvessa, uniq_grinder

Skill      XL: |  1  2  3  4  5  6  7  8 |
---------------+-------------------------+-----
Dodging        | 1 2 3 5 |  5.6
Fighting       | 4 5 |  5.7
Maces & Flails | 3 4 5 |  5.4
Armour         | |  3.2
Shields        | |  3.2

Action                   |  1- 3 |  4- 6 |  7- 9 || total
-------------------------+-------+-------+-------++-------
Melee: Flail             |   171 |   183 |   125 ||   479
  Use: Scroll            |     8 |     5 |     2 ||    15
       Potion            |     1 |       |     1 ||     2
  Eat: Beef jerky        |     1 |     1 |       ||     2
       Bread ration      |     2 |       |       ||     2
Armor: Scale mail        |   171 |   108 |    68 ||   347
Dodge: Dodged            |    94 |    82 |    58 ||   234
Block: Shield            |   128 |    90 |    86 ||   304
